 Dungeon Crawl Stone Soup version 0.17.1-3-g152610e (webtiles) character file.

447 kaze the Skirmisher (level 7, 0/66 HPs)
             Began as a Gargoyle Berserker on Mar 26, 2016.
             Was a Believer of Trog.
             Slain by an orc
             ... wielding a +0 flail
              (5 damage)
             ... on level 4 of the Dungeon.
             The game lasted 00:05:11 (2815 turns).

kaze the Skirmisher (Gargoyle Berserker)            Turns: 2815, Time: 00:05:11

Health: 0/66       AC: 14    Str: 28    XL:     7   Next: 3%
Magic:  7/7        EV:  9    Int:  7    God:    Trog [**....]
Gold:   156        SH:  0    Dex:  9    Spells: 0 memorised, 6 levels left

rFire  + . .     SeeInvis .     a - +1 mace
rCold  x . .     Clarity  .     j - +0 chain mail
rNeg   + . .     SustAt   .     (no shield)
rPois  ∞         Gourm    .     (no helmet)
rElec  +         Spirit   .     (no cloak)
rCorr  .         Warding  .     (no gloves)
rMut   .         Stasis   .     (no boots)
MR     ++...                    (no amulet)
Stlth  ..........               r - ring of fire
                                s - ring of flight

@: berserking, regenerating, very quick, very resistant to hostile enchantments,
extremely unstealthy
A: negative energy resistance 1, electricity resistance, unbreathing,
petrification resistance, rot immunity, AC +4
a: Berserk, Trog's Hand, Burn Spellbooks, Renounce Religion, Evoke Flight


You were on level 4 of the Dungeon.
You worshipped Trog.
Trog was pleased with you.
You were hungry.

You visited 1 branch of the dungeon, and saw 4 of its levels.

You collected 156 gold pieces.

Inventory:

Hand Weapons
 a - a +1 mace (weapon)
Missiles
 u - 12 tomahawks (quivered)
Armour
 j - a +0 chain mail (worn)
Jewellery
 r - a ring of fire (right hand)
 s - a ring of flight (left hand)
Wands
 q - a wand of polymorph (12)
Scrolls
 b - a scroll of amnesia {unknown}
 d - 4 scrolls of identify
 e - 2 scrolls of remove curse
 o - a scroll of teleportation {unknown}
Potions
 f - 2 potions of might {unknown}
 g - 4 potions of curing {unknown}
 h - a potion of heal wounds {unknown}
 i - a potion of resistance {unknown}
 k - a potion of haste {unknown}
 l - a potion of poison {unknown}
 p - 2 potions of mutation {unknown}
Comestibles
 c - 4 bread rations
 m - a meat ration
 n - a beef jerky


   Skills:
 + Level 5.4 Fighting
 + Level 4.2 Maces & Flails
 + Level 3.5 Armour
 + Level 3.6 Dodging
 + Level 0.8 Stealth


You had 6 spell levels left.
You didn't know any spells.

Dungeon Overview and Level Annotations

Branches:
Dungeon (4/15)
 Temple: D:4-7

Altars:


Innate Abilities, Weirdness & Mutations

You are resistant to torment.
Your stone body is resilient (AC +4).
You are immune to poison.
You resist negative energy.
You are resistant to electric shocks.
You can survive without breathing.
You are immune to petrification.
You are immune to rotting.


Message History

The orc priest is moderately wounded.
The orc priest barely misses you. The orc barely misses you.
The orc hits you but does no damage.
You sock the orc priest!
The orc priest is almost dead.
The orc hits you with a flail.
* * * LOW HITPOINT WARNING * * *
The orc hits you but does no damage.
The orc priest mumbles some strange prayers to Beogh against you.
Something smites you!
* * * LOW HITPOINT WARNING * * *
You barely miss the orc priest.
The orc priest is almost dead.
The orc hits you but does no damage. The orc priest barely misses you.
You hit the orc priest.
You kill the orc priest!
Trog accepts your kill.
You have reached level 7!
The orc hits you with a flail.
You die...

#+###
#o@o#
#)o.#
.....#
.......#
.........#
##..##...#
#.. #...#
.. ....#


You could see 3 orcs.

Vanquished Creatures
  Sigmund (D:2)
  The ghost of attackplan the Skirmisher, an amateur HOFi (D:3)
  A quasit (D:3)
  An orc priest (D:4)
  An orc wizard (D:3)
  A gnoll (D:1)
  2 adders (D:2)
  2 worms (D:2)
  3 giant geckos (D:3)
  14 orcs (D:3)
  9 bats
  3 giant cockroaches
  6 hobgoblins
  A ball python (D:3)
  2 giant newts
  5 goblins
  8 kobolds
  8 rats
69 creatures vanquished.

Notes
Turn   | Place    | Note
--------------------------------------------------------------
     0 | D:1      | kaze the Gargoyle Berserker began the quest for the Orb.
     0 | D:1      | Reached XP level 1. HP: 14/14 MP: 1/1
    94 | D:1      | Reached XP level 2. HP: 13/20 MP: 2/2
   921 | D:1      | Reached skill level 4 in Fighting
  1047 | D:2      | Reached XP level 3. HP: 24/24 MP: 3/3
  1189 | D:2      | Reached ** piety under Trog
  1597 | D:2      | Reached XP level 4. HP: 14/29 MP: 4/4
  1727 | D:2      | Noticed Sigmund
  1740 | D:2      | Killed Sigmund
  1740 | D:2      | Reached skill level 5 in Fighting
  1740 | D:2      | Reached XP level 5. HP: 35/35 MP: 5/5
  2010 | D:2      | Reached XP level 6. HP: 37/40 MP: 6/6
  2353 | D:3      | Noticed attackplan's ghost (amateur HOFi)
  2360 | D:3      | Killed attackplan's ghost
  2763 | D:3      | Reached *** piety under Trog
  2813 | D:4      | HP: 3/60 [orc priest/divine providence (7)]
  2815 | D:4      | Reached XP level 7. HP: 4/44 MP: 7/7
  2815 | D:4      | Slain by an orc

Action                   |  1- 3 |  4- 6 |  7- 9 || total
-------------------------+-------+-------+-------++-------
Melee: Mace              |   106 |   182 |       ||   288
Invok: Berserk           |       |     3 |       ||     3
       Trog's Hand       |       |     1 |       ||     1
  Use: Scroll            |       |     5 |       ||     5
  Eat: Chunk             |     2 |     6 |       ||     8
